 Dungeon Crawl Stone Soup version 0.31-a0-151-ge443d1f16c (webtiles) character file.

Game seed: 7844881774577461862

62 qw the Shooter (level 4, -2/28 HPs)
             Began as a Gargoyle Hunter on June 8, 2023.
             Slain by a cerulean imp
             ... wielding a +1 spear
             ... summoned by Natasha
              (4 damage)
             ... on level 3 of the Dungeon.
             The game lasted 00:00:35 (1611 turns).

qw the Shooter (Gargoyle Hunter)                    Turns: 1611, Time: 00:00:36

Health: -2/28      AC:  6    Str: 14 (15) XL:     4   Next: 8%
Magic:  4/4        EV: 11    Int:  7 (9)  God:
Gold:   30         SH:  0    Dex: 12 (15) Spells: 3/3 levels left

rFire   . . .        Y - +1 shortbow (drain)
rCold   . . .        (shield currently unavailable)
rNeg    + . .        c - +0 leather armour
rPois   inf          (no helmet)
rElec   +            (no cloak)
rCorr   .            (no gloves)
SInv    .            (no boots)
Will    +....        (no amulet)
Stlth   +            d - ring of willpower
HPRegen 0.24/turn    (no ring)
MPRegen 0.09/turn

%: no passive effects
@: about to teleport
A: sickness immunity, AC +3, negative energy resistance 1, electricity
resistance, torment resistance 1, petrification resistance
a: no special abilities


You were on level 3 of the Dungeon.
You visited 1 branch of the dungeon, and saw 3 of its levels.

You collected 135 gold pieces.
You spent 105 gold pieces at shops.


Innate Abilities, Weirdness & Mutations

You are immune to sickness and miasma.
Your stone body is resilient. (AC +3)
You are immune to poison.
You resist negative energy. (rN+)
You are resistant to electric shocks. (rElec)
You are resistant to unholy torment.
You are immune to petrification.


   Skills:
 - Level 3.0 Fighting
 + Level 5.2 Ranged Weapons
 - Level 1.5 Dodging
 - Level 1.1 Stealth


You had 3 spell levels left.
You didn't know any spells.
Your spell library was empty.

Inventory:

Hand Weapons
 Y - a +1 shortbow of draining (weapon)
Armour
 c - a +0 leather armour (worn)
 g - a +0 cloak
Jewellery
 d - a ring of willpower (left hand)
 e - a ring of protection from cold
Scrolls
 f - a scroll of vulnerability {unknown}
Potions
 a - a potion of resistance {unknown}
 h - a potion of enlightenment {unknown}

Dungeon Overview and Level Annotations

Branches:
Dungeon (3/15)

Altars:
Xom

Shops:
D:3 ?

Annotations:
D:3 Natasha


Message History

The cerulean imp completely misses you.
Natasha mumbles some strange words.
You shoot an arrow. The arrow hits the cerulean imp.
The cerulean imp is moderately wounded.
The cerulean imp closely misses you.
Natasha hisses.
The cerulean imp hits you but does no damage.
The cerulean imp hits you from afar with a +0 spear.
You shoot an arrow. The arrow misses the cerulean imp. x2
The cerulean imp hits you but does no damage.
The cerulean imp completely misses you.
The cerulean imp hits you but does no damage.
You shoot an arrow.
The arrow closely misses the cerulean imp.
The arrow misses the cerulean imp.
Natasha misses you.
The cerulean imp hits you from afar with a +1 spear.
The cerulean imp hits you but does no damage. x2
Natasha claws you.
The cerulean imp hits you from afar with a +1 spear.
You shoot an arrow.
The arrow closely misses the cerulean imp.
The arrow misses the cerulean imp.
The cerulean imp barely misses you.
Natasha mumbles some strange words.
Natasha's front paws start to glow.
Natasha claws you. The cerulean imp barely misses you.
The cerulean imp hits you but does no damage.
1610 ||| READING scroll of teleportation.
As you read the scroll of teleportation, it crumbles to dust.
You feel strangely unstable. The cerulean imp closely misses you.
Natasha closely misses you.
The cerulean imp hits you but does no damage. x2
You shoot an arrow.
The arrow closely misses the cerulean imp.
The cerulean imp hits you from afar with a +0 spear.
Natasha hisses.
Natasha claws you.
The cerulean imp hits you from afar with a +1 spear.
You die...

#.#.###.###.##
#...........#
######...#####
.........#
######..##
##.###..#
##.......#
##.##.h...##.#
#....5.@...#.#
.....5.5.....#
...........#.#
....#.........#
#!...?......#...
## #.##.##....##
.. ### .#.## ###
....


You could see Natasha and 3 cerulean imps.

Vanquished Creatures
  An adder (D:2)
  2 worms
  2 dart slugs (D:2)
  8 bats
  4 endoplasms
  2 giant cockroaches (D:2)
  5 goblins
  5 hobgoblins
  2 quokkas (D:1)
  A ball python (D:1)
  A frilled lizard (D:1)
  4 kobolds
  6 rats
43 creatures vanquished.

Notes
Turn   | Place    | Note
-------+----------+-------------------------------------------
     0 | D:1      | qw the Gargoyle Hunter began the quest for the Orb.
     0 | D:1      | Reached XP level 1. HP: 12/12 MP: 1/1
     0 | D:1      | 0 ||| qw: Version: 0.2-a-120-gdf1a93b
     0 | D:1      | 0 ||| qw: Game counter: 3096
     0 | D:1      | 0 ||| qw: Always use a shield: true
     0 | D:1      | 0 ||| qw: God list: Okawaru
     0 | D:1      | 0 ||| qw: Allow faded altars: false
     0 | D:1      | 0 ||| qw: Do Orc after D:15 true
     0 | D:1      | 0 ||| qw: Do second Lair branch before Depths: true
     0 | D:1      | 0 ||| qw: Lair rune preference: random
     0 | D:1      | 0 ||| qw: Plans: Normal
     0 | D:1      | 0 ||| PLANNING D:1-11
   149 | D:1      | Reached XP level 2. HP: 17/17 MP: 2/2
   633 | D:1      | 633 ||| UPGRADING to ring of willpower.
   634 | D:1      | 634 ||| READING scroll labelled GAR FOKIVEGA.
   635 | D:1      | 635 ||| READING scroll labelled ZUSE YPHUFOA.
   636 | D:1      | 636 ||| READING scroll labelled VICVE UTIAS.
   637 | D:1      | 637 ||| READING scroll labelled VOITRA XIGOW.
   638 | D:1      | 638 ||| READING scroll labelled NUUN LYEMAKECO.
   643 | D:1      | 643 ||| DROPPING scroll of butterflies.
   665 | D:2      | Reached XP level 3. HP: 21/21 MP: 3/3
   727 | D:2      | Reached skill level 5 in Ranged Weapons
   883 | D:2      | Found a shimmering altar of Xom.
  1047 | D:2      | Found a faded altar of an unknown god.
  1175 | D:2      | Reached skill level 3 in Fighting
  1433 | D:2      | 1433 ||| READING scroll labelled KEEPTOMMIH.
  1434 | D:2      | 1434 ||| DRINKING 2 smoky puce potions.
  1435 | D:2      | 1435 ||| DRINKING 2 coppery potions.
  1436 | D:2      | 1436 ||| DROPPING potion of degeneration.
  1437 | D:2      | 1437 ||| DROPPING potion of brilliance.
  1512 | D:3      | Reached XP level 4. HP: 28/28 MP: 4/4
  1539 | D:3      | Found Cekob's Magic Scroll Emporium.
  1548 | D:3      | 1548 ||| BUYING scroll of enchant weapon (105 gold).
  1548 | D:3      | Bought a scroll of enchant weapon for 105 gold pieces
  1548 | D:3      | 1548 ||| SHOPLISTING scroll of identify (28 gold, have 20).
  1548 | D:3      | 1548 ||| SHOPLISTING scroll of teleportation (42 gold, have
                  | 20).
  1548 | D:3      | 1548 ||| READING scroll of enchant weapon.
  1548 | D:3      | 1548 ||| ENCHANTING +0 shortbow of draining.
  1601 | D:3      | Noticed Natasha
  1609 | D:3      | HP: 7/28 [Natasha (2)]
  1610 | D:3      | 1610 ||| READING scroll of teleportation.
  1611 | D:3      | HP: 2/28 [Natasha (2)]
  1611 | D:3      | Slain by a cerulean imp

Levels and vault maps discovered:
D:1:      dpeg_arrival_erosion, layout_basic, hex_intersection
D:2:      layout_basic, shapermc_ecumenical_altar_ellora, basic_altar
D:3:      layout_loops_ring, serial_shops, shop, uniq_natasha

Skill      XL: |  1  2  3 |
---------------+----------+-----
Ranged Weapons | 5 |  5.2
Fighting       | 3 |  3.0
Dodging        | |  1.5
Stealth        | |  1.1

Action                     |  1- 3 |  4- 6 || total
---------------------------+-------+-------++-------
   Fire: Shortbow          |   103 |    13 ||   116
    Use: Scroll            |     6 |     2 ||     8
         Potion            |     2 |       ||     2
 Armour: Leather armour    |    20 |     8 ||    28
  Dodge: Dodged            |    22 |     8 ||    30

Table legend:
 A = Non-vault XP
 B = Vault XP
 C = Vault XP percentage of total XP
 D = Non-vault monster count
 E = Vault monster count
 F = Vault count percentage of total count
                 A         B        C        D         E       F
            +---------+---------+-------+---------+---------+-------
      Total |      89 |       0 |   0.0 |      43 |       0 |   0.0
            +---------+---------+-------+---------+---------+-------
        D:1 |      29 |       0 |   0.0 |      22 |       0 |   0.0
        D:2 |      50 |       0 |   0.0 |      17 |       0 |   0.0
        D:3 |      10 |       0 |   0.0 |       4 |       0 |   0.0
            +---------+---------+-------+---------+---------+-------
